 Dungeon Crawl Stone Soup version 0.27-a0-836-gfc908b8576 (webtiles) character file.

Game seed: 17415853635259724217

72 polve the Changer (level 4, 0/38 HPs)
             Began as a Naga Transmuter on Apr 1, 2021.
             Slain by an adder (5 damage)
             ... on level 3 of the Dungeon.
             The game lasted 00:03:13 (2690 turns).

polve the Changer (Naga Transmuter)                 Turns: 2690, Time: 00:03:13

Health: 0/38       AC:  2    Str: 10 (12) XL:     4   Next: 25%
Magic:  16/16      EV:  9    Int: 14 (15) God:
Gold:   122        SH:  0    Dex:  8 (11) Spells: 1/7 levels left

rFire    . . .     SeeInvis +     - Unarmed
rCold    . . .     Faith    .   (no shield)
rNeg     . . .     Spirit   .   a - +0 robe
rPois    +         Reflect  .   (helmet currently unavailable)
rElec    .         Harm     .   (no cloak)
rCorr    .         Rampage  .   (no gloves)
Will     .....                  (no barding)
Stlth    +.........             (no amulet)
HPRegen  0.12/turn              i - ring of magical power
MPRegen  0.15/turn              (no ring)

@: appendages (expiring), very slow
A: horns 2, AC +1, large, see invisible, deformed body, poison resistance,
slowness 2, spit poison 1, naga tail 1
a: Spit Poison, End Transformation


You were on level 3 of the Dungeon.
You had temporarily grown beastly horns.
You visited 1 branch of the dungeon, and saw 3 of its levels.

You collected 122 gold pieces.

Inventory:

Armour
 a - a +0 robe (worn)
Jewellery
 i - a ring of magical power (left hand)
Wands
 f - a wand of iceblast (7)
Scrolls
 d - a scroll of magic mapping {unknown}
 g - 2 scrolls of teleportation {unknown}
 h - a scroll of identify {unknown}
 k - a scroll of acquirement {unknown}
Potions
 c - a potion of magic {unknown}
 e - 2 potions of might {unknown}
 j - a potion of lignification {unknown}


   Skills:
 - Level 1.0 Fighting
 - Level 1.5 Dodging
 - Level 3.0 Unarmed Combat
 - Level 2.0 Spellcasting
 + Level 4.4 Transmutations


You had one spell level left.
You knew the following spells:

 Your Spells              Type           Power      Damage    Failure   Level
a - Beastly Appendage     Tmut           26%        N/A       4%          1
b - Wereblood             Tmut           13%        N/A       6%          2
c - Spider Form           Tmut/Pois      3%         N/A       28%         3

Your spell library contained the following spells:

 Spells                   Type           Power      Damage    Failure   Level
 Ice Form                 Ice/Tmut       7%         N/A       67%         4
 Hydra Form               Tmut           6%         N/A       73%         5


Dungeon Overview and Level Annotations

Branches:
Dungeon (3/15)

Altars:
Qazlal
Sif Muna

Shops:
D:2 *


Innate Abilities, Weirdness & Mutations

You have temporarily grown beastly horns.
Your serpentine skin is tough. (AC +1)
You have supernaturally acute eyesight. (SInv)
Armour fits poorly on your strangely shaped body.
Your system is resistant to poisons. (rPois)
You cover ground very slowly.
You can spit poison.
You have a snake-like lower body.


Message History

The adder is lightly wounded.
You feel sick. The adder bites you but does no damage.
You closely miss the adder. You headbutt the adder.
The adder is severely wounded.
You feel sick. The adder bites you. x2
You barely miss the adder.
The adder is severely wounded.
You feel sick. The adder barely misses you.
You barely miss the adder.
The adder is severely wounded.
You feel sick.
You are no longer poisoned.
The adder bites you.
You are poisoned.
The adder poisons you!
You completely miss the adder. Your headbutt misses the adder.
The adder is severely wounded.
Your transformation is almost over.
You feel sick. The adder bites you.
You barely miss the adder. Your headbutt misses the adder.
The adder is severely wounded.
You feel sick. The adder bites you.
* * * LOW HITPOINT WARNING * * *
You hit the adder but do no damage.
The adder is severely wounded.
You feel sick. The adder closely misses you. x2
You miss the adder.
The adder is severely wounded.
You feel sick. The adder bites you.
* * * LOW HITPOINT WARNING * * *
It was a potion of degeneration.
There was something very wrong with that liquid.
You feel weakened.
You feel dopey.
You feel clumsy.
You feel sick.
You are no longer poisoned.
The adder bites you but does no damage.
You miss the adder.
The adder is severely wounded.
The adder bites you.
You die...

###.###.#####.#
####.###.# #.# ..
.........# #.# #..
......#### #.# ..
......# #.# #.###
......# #.# .... ####'##
#.# ..#
####.#########.##S.####.
................@.......
......#######..###.###..
......# #..# # ......#
#..# ......# #..#
......# #... ......#
#... ......# #.##
......##


You could see an adder.

Vanquished Creatures
  An adder (D:2)
  3 dart slugs
  7 bats (D:1)
  7 endoplasms
  3 giant cockroaches
  3 hobgoblins
  5 jackals
  2 quokkas (D:1)
  2 ball pythons (D:1)
  3 frilled lizards
  4 goblins
  6 kobolds
  3 rats
49 creatures vanquished.

Notes
Turn   | Place    | Note
-------+----------+-------------------------------------------
     0 | D:1      | polve the Naga Transmuter began the quest for the Orb.
     0 | D:1      | Reached XP level 1. HP: 18/18 MP: 3/3
   235 | D:1      | Reached XP level 2. HP: 23/25 MP: 3/5
   324 | D:1      | Reached skill level 3 in Transmutations
   657 | D:1      | Reached XP level 3. HP: 25/31 MP: 6/6
   660 | D:1      | Learned a level 2 spell: Wereblood
   664 | D:1      | Learned a level 3 spell: Spider Form
  1745 | D:2      | Reached skill level 4 in Transmutations
  1851 | D:2      | Reached XP level 4. HP: 31/38 MP: 7/7
  1939 | D:2      | Found a shimmering blue altar of Sif Muna.
  1946 | D:2      | Found Sogeimeh's General Store.
  2562 | D:2      | Found a stormy altar of Qazlal.
  2690 | D:3      | Slain by an adder

Illustrated notes

Levels and vault maps discovered:
D:1:      minmay_arrival_cross, layout_basic
D:2:      minmay_evil_eye, layout_rooms, general_overflow_altar,
          lemuel_doored_altar, serial_shops,
          nicolae_shop_competitors_out_of_business
D:3:      layout_basic, old_standard_altar, lemuel_crystal_altar,
          gammafunk_ghost_grave

Skill      XL: |  1  2  3 |
---------------+----------+-----
Transmutations | 3 4 |  4.4
Fighting       | |  1.0
Dodging        | |  1.5
Unarmed Combat | |  3.0
Spellcasting   | |  2.0

Action                   |  1- 3 |  4- 6 || total
-------------------------+-------+-------++-------
Melee: Unarmed           |   117 |    36 ||   153
       Headbutt          |    10 |     5 ||    15
       Punch             |     1 |       ||     1
 Cast: Beastly Appendage |    16 |     7 ||    23
 Abil: Spit Poison       |    21 |    10 ||    31
  Use: Potion            |       |     1 ||     1
 Stab: Sleeping          |     1 |       ||     1
Armor: Robe              |    43 |     9 ||    52
Dodge: Dodged            |    67 |    17 ||    84

Table legend: (Time is in decaauts)
 A = Elapsed time spent in this place.
 B = Non-inter-level travel time spent in this place.
 C = Inter-level travel time spent in this place.
 D = Time resting spent in this place.
 E = Time spent auto-exploring this place.
 F = Levels seen in this place.
 G = Mean time per level.
                   A        B        C        D        E       F      G
               +--------+--------+--------+--------+--------+-----+--------+
         Total |   3112 |   3023 |     89 |      0 |   2599 |   3 | 1037.3 |
       Dungeon |   3112 |   3023 |     89 |      0 |   2599 |   3 | 1037.3 |
               +--------+--------+--------+--------+--------+-----+--------+

Top non-repeatable levels by time:
     D:1: 1905 daAuts
     D:2: 1097 daAuts
     D:3: 109 daAuts
